 Dungeon Crawl Stone Soup version 0.28-a0-1356-g2ad6d04315 (webtiles) character file.

Game seed: 2643392105056164864

3530 browni3141 the Cleaver (level 9, -1/66 (67) HPs)
             Began as a Palentonga Berserker on Dec 30, 2021.
             Was a Priest of Trog.
             Slain by an orc (3 damage)
             ... in a bailey.
             The game lasted 00:10:58 (6101 turns).

browni3141 the Cleaver (Palentonga Berserker)       Turns: 6101, Time: 00:10:59

HP:   -1/66 (67)    AC: 13    Str: 25    XL:     9   Next: 82%
MP:   9/9           EV:  9    Int:  7    God:    Trog [***...]
Gold: 253           SH:  0    Dex: 10    Spells: 8/8 levels left

rFire   . . .      SeeInvis +   a - +0 hand axe
rCold   . . .      Faith    .   (no shield)
rNeg    + . .      Spirit   .   b - +0 animal skin
rPois   +          Reflect  .   i - +0 helmet
rElec   .          Harm     .   t - +0 cloak
rCorr   .          Rampage  .   (no gloves)
Will    .....                   (no barding)
Stlth   +.........              y - amulet of regeneration
HPRegen 1.01/turn               f - ring of positive energy
MPRegen 0.11/turn               s - ring of poison resistance

@: hasted, lightly drained, curled up, very quick
A: large, rugged brown scales 3, see invisible, deformed body, roll 1, armoured
tail, reflexive curl
a: Rolling Charge, Renounce Religion, Berserk, Trog's Hand


You were in a bailey.
You worshipped Trog.
Trog was most pleased with you.
You visited 1 branch of the dungeon, and saw 7 of its levels.
You also visited: Bailey.

You collected 253 gold pieces.

Inventory:

Hand Weapons
 a - a +0 hand axe (weapon)
Missiles
 d - 2 boomerangs
 p - a throwing net
Armour
 b - a +0 animal skin (worn)
 i - a +0 helmet (worn)
 t - a +0 cloak (worn)
Jewellery
 f - a ring of positive energy (left hand)
 s - a ring of poison resistance (right hand)
 y - an amulet of regeneration (around neck)
Wands
 C - a wand of iceblast (1)
Scrolls
 e - a scroll of immolation
 j - 5 scrolls of amnesia
 k - a scroll of identify {unknown}
 l - 4 scrolls of teleportation {unknown}
 m - a scroll of fear {unknown}
 r - 2 scrolls of magic mapping {unknown}
 x - a scroll of enchant armour {unknown}
 z - a scroll of brand weapon {unknown}
 B - a scroll of silence {unknown}
 D - a scroll of blinking {unknown}
Potions
 c - 3 potions of haste
 g - 3 potions of curing
 h - 3 potions of mutation {unknown}
 n - 2 potions of flight {unknown}
 o - a potion of attraction {unknown}
 q - a potion of invisibility {unknown}
 u - a potion of degeneration {unknown}
 v - a potion of brilliance {unknown}
 A - 2 potions of cancellation {unknown}


   Skills:
 + Level 3.1 Fighting
 * Level 14.1 Axes
 + Level 1.7 Armour
 + Level 1.7 Dodging


You had 8 spell levels left.
You didn't know any spells.
Your spell library contained the following spells:

 Spells                   Type           Power      Damage    Failure   Level
 Corpse Rot               Necr/Air       0%         N/A       56%         2
 Dispel Undead            Necr           0%         3d6       99%         4
 Death Channel            Necr           0%         N/A       100%        6


Dungeon Overview and Level Annotations

Branches:
Dungeon (7/15)             Temple (0/1) D:4          Bailey (1/1)

Altars:
Sif Muna

Shops:
D:4 [


Innate Abilities, Weirdness & Mutations

You are completely covered in rugged brown scales. (AC +3, +7% HP)
You have supernaturally acute eyesight. (SInv)
Armour fits poorly on your strangely shaped body.
You can roll at nearby foes to attack.
You have a long armoured tail.
You curl defensively after being hit. (AC +7*)


Message History

* * * LOW HITPOINT WARNING * * *
The centaur closely misses you.
The centaur kicks you but does no damage.
Unknown command.
You hit the centaur. You tail-slap the centaur.
The centaur is almost dead.
You hit the centaur but do no damage.
Your tail-slap misses the centaur.
The centaur is almost dead.
The centaur closely misses you.
The centaur kicks you but does no damage.
The orc hits you from afar with a +0 spear.
* * * LOW HITPOINT WARNING * * *
The orc barely misses you.
You closely miss the centaur.
The centaur is almost dead.
The centaur barely misses you. The centaur kicks you.
* * * LOW HITPOINT WARNING * * *
Unknown command.
You hit the centaur.
The centaur is almost dead.
The orc hits you from afar with a +0 spear.
* * * LOW HITPOINT WARNING * * *
Unknown command.
You hit the centaur but do no damage.
The centaur is almost dead.
The centaur hits you with a +0 trident.
* * * LOW HITPOINT WARNING * * *
The centaur kicks you.
* * * LOW HITPOINT WARNING * * *
The orc closely misses you.
You hit the centaur but do no damage.
The centaur is almost dead.
Unknown command.
You hit the centaur.
You kill the centaur!
Trog accepts your kill.
The orc hits you from afar with a +0 spear.
* * * LOW HITPOINT WARNING * * *
The orc hits you from afar with a +0 spear.
You die...

##≈≈≈≈≈≈≈##
##≈≈≈..$≈≈≈##
###≈≈⌠$...$⌠≈≈####
≈≈≈≈...)))...≈≈≈≈#
......≈≈≈≈≈......#
.....≈≈...≈≈.....#
..≈.≈≈.≈.≈.≈≈.≈..+
.≈≈.≈)≈≈.≈≈.≈.≈≈)#
.≈.≈≈.≈...≈o≈≈o≈@#
.≈.≈.≈≈...≈≈o≈.≈)#
.≈.≈.≈.⌠∩⌠.≈.≈.≈o#
.≈.≈.≈..∩..≈.≈.≈.#
.≈.≈.≈.⌠∩⌠.≈.≈.≈.#
.≈.≈.≈≈...≈≈.≈.≈.#
.≈.≈≈)≈...≈.≈≈.≈.#
.≈≈.≈.≈≈≈≈≈.≈.≈≈.#
#.≈.≈≈.....≈≈.≈.##


You could see 4 orcs.

Vanquished Creatures
  Harold (D:7)
  A two-headed ogre (D:5)
  Sigmund (D:6)
  Eustachio (D:6)
  Edmund (D:6)
  A sky beast (D:6)
  An ice beast (D:7)
  3 ogres (D:4)
  3 centaurs
  A phantom (D:4)
  2 kobold brigands (D:6)
  3 scorpions (D:5)
  8 wights
  3 jellies
  2 howler monkeys
  3 hounds
  A gnoll shaman (D:6)
  An iguana (D:5)
  Jessica (D:2)
  2 orc wizards
  5 gnolls (D:6)
  6 adders
  A howler monkey skeleton (D:7)
  An ufetubus (D:5)
  An adder skeleton (D:4)
  2 worms
  4 dart slugs
  19 orcs
  5 bats
  6 endoplasms
  6 giant cockroaches
  9 goblins
  6 hobgoblins
  3 jackals (D:1)
  14 kobolds
  4 quokkas
  5 ball pythons
  3 frilled lizards
  5 rats
145 creatures vanquished.

Notes
Turn   | Place    | Note
-------+----------+-------------------------------------------
     0 | D:1      | browni3141 the Palentonga Berserker began the quest for the
                  | Orb.
     0 | D:1      | Reached XP level 1. HP: 19/19 MP: 1/1
     6 | D:1      | Noticed a redback
     6 | D:1      | Noticed an anaconda
     7 | D:1      | Noticed a four-headed hydra
     7 | D:1      | Noticed a black bear
    60 | D:1      | Found a faded altar of an unknown god.
   171 | D:1      | Reached XP level 2. HP: 25/25 MP: 2/2
   358 | D:1      | Reached skill level 4 in Axes
   881 | D:2      | Reached XP level 3. HP: 31/31 MP: 3/3
   905 | D:2      | Reached ** piety under Trog
  1125 | D:2      | Noticed Jessica
  1130 | D:2      | Killed Jessica
  1136 | D:2      | Reached XP level 4. HP: 37/37 MP: 4/4
  1332 | D:2      | Reached skill level 5 in Axes
  2164 | D:3      | Found a shimmering blue altar of Sif Muna.
  2722 | D:4      | Noticed a phantom
  2728 | D:4      | Found Loss's Armour Shop.
  2736 | D:4      | Killed a phantom
  2737 | D:4      | Reached skill level 6 in Axes
  2737 | D:4      | Reached XP level 5. HP: 43/43 MP: 5/5
  2909 | D:4      | Noticed an ogre
  3134 | D:4      | Noticed an ogre
  3246 | D:4      | Noticed an ogre
  3253 | D:4      | Killed an ogre
  3254 | D:4      | Reached skill level 7 in Axes
  3254 | D:4      | Reached XP level 6. HP: 43/50 MP: 6/6
  3582 | D:4      | Found a staircase to the Ecumenical Temple.
  3902 | D:4      | Reached skill level 8 in Axes
  3902 | D:4      | Gained mutation: You curl defensively after being hit. (AC
                  | +7*) [Palentonga growth]
  3902 | D:4      | Reached XP level 7. HP: 55/55 MP: 7/7
  3993 | D:5      | Entered Level 5 of the Dungeon
  4137 | D:5      | Noticed a two-headed ogre
  4144 | D:5      | Killed a two-headed ogre
  4145 | D:5      | Reached skill level 10 in Axes
  4145 | D:5      | Reached XP level 8. HP: 62/62 MP: 8/8
  4570 | D:5      | Reached skill level 11 in Axes
  5097 | D:6      | Reached *** piety under Trog
  5134 | D:6      | Noticed Edmund
  5153 | D:6      | Killed Edmund
  5154 | D:6      | Reached skill level 12 in Axes
  5224 | D:6      | Reached XP level 9. HP: 38/67 MP: 9/9
  5522 | D:6      | Noticed Eustachio
  5532 | D:6      | Killed Eustachio
  5760 | D:6      | Noticed Sigmund
  5765 | D:6      | Killed Sigmund
  5840 | D:7      | Noticed Harold
  5863 | D:7      | Killed Harold
  5864 | D:7      | Reached skill level 13 in Axes
  5985 | D:7      | Found a flagged portal.
  5994 | D:7      | Reached skill level 14 in Axes
  6029 | Bailey   | Entered a bailey
  6099 | Bailey   | HP: 2/66 [centaur (3)]
  6101 | Bailey   | Slain by an orc

Illustrated notes

Levels and vault maps discovered:
D:1:      onia_arrival_zoo_common, layout_basic,
          shapermc_ecumenical_altar_mp_urbaneastern
D:2:      layout_rooms, uniq_jessica
D:3:      layout_basic, led_sif_book
D:4:      minmay_octagon_keep, layout_basic, minmay_temple_entry_grid,
          serial_shops, nicolae_diamond_shop, kennysheep_generic_room_6
D:5:      layout_basic
D:6:      layout_loops_ring, uniq_eustachio, uniq_sigmund, uniq_edmund
D:7:      layout_loops_cross, ebering_ghost_rock_garden, enter_bailey_4,
          kennysheep_opposing_triangles, uniq_harold, uniq_maggie
Bailey:   bailey_polearm_flooded_kennysheep, bailey

Skill      XL: |  1  2  3  4  5  6  7  8  9 |
---------------+----------------------------+-----
Axes           | 4 6 7 8 10 12 14 | 14.1
Fighting       | |  3.1
Armour         | |  1.7
Dodging        | |  1.7

Action                   |  1- 3 |  4- 6 |  7- 9 || total
-------------------------+-------+-------+-------++-------
Melee: Hand axe          |    68 |   156 |   214 ||   438
       Tailslap          |     4 |    15 |    36 ||    55
Throw: Dart              |       |       |     7 ||     7
       Boomerang         |       |       |     2 ||     2
Invok: Berserk           |     2 |     3 |     9 ||    14
 Abil: Rolling Charge    |    22 |    33 |    27 ||    82
Evoke: Wand              |       |       |     2 ||     2
  Use: Scroll            |       |     2 |       ||     2
       Potion            |       |       |     2 ||     2
 Stab: Sleeping          |       |       |     1 ||     1
Armor: Animal skin       |    13 |    54 |    54 ||   121
Dodge: Dodged            |    23 |    50 |    76 ||   149

Table legend: (Time is in decaauts)
 A = Elapsed time spent in this place.
 B = Non-inter-level travel time spent in this place.
 C = Inter-level travel time spent in this place.
 D = Time resting spent in this place.
 E = Time spent auto-exploring this place.
 F = Levels seen in this place.
 G = Mean time per level.
                   A        B        C        D        E       F      G
               +--------+--------+--------+--------+--------+-----+--------+
         Total |   6180 |   5959 |    221 |    301 |   4621 |   8 |  772.5 |
       Dungeon |   6115 |   5894 |    221 |    301 |   4621 |   7 |  873.6 |
        Bailey |     65 |     65 |      0 |      0 |      0 |   1 |   65.0 |
               +--------+--------+--------+--------+--------+-----+--------+

Top non-repeatable levels by time:
     D:4: 1199 daAuts
     D:5: 1014 daAuts
     D:2: 1004 daAuts
     D:3: 982 daAuts
     D:6: 910 daAuts
     D:1: 875 daAuts
     D:7: 129 daAuts
  Bailey: 65 daAuts
